 Dungeon Crawl Stone Soup version 0.26-b1-32-g5d43845318 (webtiles) character file.

Game seed: 16603556604275944778

10697 Borgoz the Basher (level 11, -1/71 HPs)
             Began as a Gargoyle Gladiator on Jan 12, 2021.
             Slain by an ice devil (20 damage)
             ... on level 11 of the Dungeon.
             The game lasted 00:20:24 (10608 turns).

Borgoz the Basher (Gargoyle Gladiator)             Turns: 10608, Time: 00:20:24

Health: -1/71      AC: 19    Str: 19    XL:     11   Next: 66%
Magic:  15/15      EV: 17    Int:  9    God:
Gold:   775        SH:  0    Dex: 13    Spells: 13/16 levels left

rFire    . . .     SeeInvis .   E - +5 morningstar
rCold    . . .     Faith    .   (no shield)
rNeg     + . .     Spirit   .   d - +4 troll leather armour
rPois    ∞         Reflect  .   c - +0 helmet
rElec    +         Harm     .   w - +0 cloak
rCorr    .         Rampage  .   r - +0 pair of gloves
Will     +....                  (no boots)
Stlth    ..........             v - amulet of regeneration
HPRegen  1.01/turn              D - ring of willpower
MPRegen  0.14/turn              B - ring of attention (curse)

@: no status effects
A: negative energy resistance 1, electricity resistance, unbreathing,
petrification resistance, miasma immunity, AC +8
a: no special abilities


You were on level 11 of the Dungeon.
You visited 2 branches of the dungeon, and saw 12 of its levels.

You collected 775 gold pieces.

Inventory:

Hand Weapons
 E - a +5 morningstar (weapon)
Missiles
 a - a throwing net (quivered)
Armour
 c - a +0 helmet (worn)
 d - a +4 troll leather armour (worn)
 r - a +0 pair of gloves (worn)
 w - a +0 cloak (worn)
Jewellery
 i - an uncursed ring of protection from fire
 v - an amulet of regeneration (around neck)
 z - an uncursed ring of protection from fire
 B - a cursed ring of attention (right hand)
 D - a ring of willpower (left hand)
Wands
 j - a wand of flame (18)
 C - a wand of acid (13)
Scrolls
 e - 3 scrolls of fear
 l - 4 scrolls of teleportation
 n - 6 scrolls of remove curse
 p - 4 scrolls of enchant weapon
 q - 2 scrolls of fog
 x - a scroll of magic mapping
Potions
 b - a potion of heal wounds
 g - a potion of mutation
 h - a potion of haste
 k - a potion of curing
 m - a potion of brilliance
 o - a potion of cancellation {unknown}
 s - a potion of resistance
 t - 2 potions of flight {unknown}
 u - 2 potions of might


   Skills:
 * Level 9.6 Fighting
 * Level 11.0 Maces & Flails
 - Level 1.7 Throwing
 * Level 9.4 Dodging
 + Level 3.3 Spellcasting
 + Level 3.2 Hexes


You had 13 spell levels left.
You knew the following spells:

 Your Spells              Type           Power        Failure   Level
a - Confusing Touch       Hex            7%           26%         3

Your spell library contained the following spells:

 Spells                   Type           Power        Failure   Level
 Animate Skeleton         Necr           2%           34%         1
 Beastly Appendage        Tmut           2%           34%         1
 Pain                     Necr           4%           34%         1
 Wereblood                Tmut           1%           47%         2
 Gell's Gravitas          Tloc           0%           71%         3
 Spider Form              Tmut/Pois      0%           71%         3
 Vampiric Draining        Necr           0%           71%         3
 Animate Dead             Necr           0%           98%         4
 Ice Form                 Ice/Tmut       1%           98%         4
 Petrify                  Tmut/Erth      1%           98%         4
 Metabolic Englaciation   Hex/Ice        2%           99%         5
 Yara's Violent Unravell  Hex/Tmut       2%           99%         5
 Agony                    Necr           1%           100%        5
 Blade Hands              Tmut           0%           100%        5


Dungeon Overview and Level Annotations

Branches:
Dungeon (11/15)            Temple (1/1) D:6            Lair (0/6) D:11
    Orc (0/2) D:10

Altars:
Ashenzari
Cheibriados
Dithmenos
Elyvilon
Fedhas
Gozag
Hepliaklqana
Kikubaaqudgha
Makhleb
Nemelex Xobeh
Okawaru
Qazlal
Ru
Sif Muna
Trog
Uskayaw
Vehumet
Wu Jian
Xom
Yredelemnul
Zin
The Shining One

Shops:
D:7 *

Portals:
Ice
Cave: D:11


Innate Abilities, Weirdness & Mutations

You are resistant to torment.
Your stone body is resilient. (AC +8)
You are immune to poison.
You resist negative energy. (rN+)
You are resistant to electric shocks. (rElec)
You can survive without breathing.
You are immune to petrification.
You are immune to miasma.


Message History

There is an open door here.
You hit the ice devil.
The ice devil is almost dead.
The ice devil barely misses you.
You hit the ice devil.
The ice devil is almost dead.
The ice devil hits you but does no damage.
You puncture the ice devil!
You kill the ice devil!
You barely miss the ice devil. The ice devil hits you.
The ice devil freezes you!!
You hit the ice devil but do no damage. The ice devil completely misses you.
You closely miss the ice devil. The ice devil hits you.
The ice devil freezes you!!
You hit the ice devil.
The ice devil is lightly wounded.
The ice devil hits you.
* * * LOW HITPOINT WARNING * * *
The ice devil freezes you!!
You die...

######## ##.4@...# ###***
###(.####.####
#...,*###.#..#≈≈≈.≈≈≈#
#....##.+.#.4#≈≈...≈≈#
#∩......#.#..#≈.§.§.≈### *
*,,,,*#.'.#.....§......# *
*,,,,*###....#...§§.≈#,* *
****** #....#≈....≈≈#,*
**********#....#≈≈≈..≈≈#,*


You could see an ice devil.

Vanquished Creatures
  Harold (D:7)
  Erica (D:8)
  2 two-headed ogres
  The ghost of kuzco6543 the Slinger, a novice HaHu of Okawaru (D:6)
  An orc knight (D:10)
  Pikel (D:9)
  A cyclops (D:9)
  Joseph (D:7)
  Maurice (D:9)
  An ice devil (D:11)
  A troll (D:10)
  Menkaure (D:4)
  Grum (D:10)
  2 water moccasins
  A sky beast (D:10)
  2 ice beasts (D:9)
  4 orc warriors
  2 black bears
  A phantom (D:8)
  2 necrophages
  4 wolves
  7 centaurs
  2 lemures (D:9)
  6 ogres
  A big kobold (D:9)
  4 bullfrogs
  A wyvern skeleton (D:11)
  A scorpion (D:6)
  5 killer bees (D:11)
  13 wights
  A howler monkey (D:4)
  A crimson imp (D:9)
  A centaur zombie (D:9)
  A bullfrog zombie (D:10)
  A bullfrog skeleton (D:10)
  7 hounds
  4 jellies
  An orc wizard (D:5)
  2 orc priests
  2 centaur skeletons
  3 iguanas
  6 worker ants
  2 killer bee zombies
  A mummy (D:7)
  A howler monkey skeleton (D:7)
  9 adders
  A white imp (D:9)
  A worker ant simulacrum (D:11)
  4 ufetubi
  2 oozes (D:3)
  An adder zombie (D:6)
  An adder skeleton (D:6)
  2 dart slugs
  3 leopard geckos
  34 orcs
  2 ball pythons
  3 giant cockroaches (D:1)
  7 goblins
  5 hobgoblins
  3 jackals (D:1)
  13 kobolds
  4 quokkas
  9 bats
  4 frilled lizards
  3 quokka skeletons
  6 rats
223 creatures vanquished.

Vanquished Creatures (others)
  A wizard (D:3)
  A sky beast (D:9)
  An iguana (D:5)
3 creatures vanquished.

Grand Total: 226 creatures vanquished

Notes
Turn   | Place    | Note
-------+----------+-------------------------------------------
     0 | D:1      | Borgoz the Gargoyle Gladiator began the quest for the Orb.
     0 | D:1      | Reached XP level 1. HP: 12/12 MP: 1/1
   103 | D:1      | Reached XP level 2. HP: 14/18 MP: 2/2
   330 | D:1      | You fall into a shaft and drop 1 floor!
   665 | D:2      | Reached XP level 3. HP: 18/22 MP: 3/3
   735 | D:2      | Found a glowing golden altar of the Shining One.
   736 | D:2      | Found a shimmering blue altar of Sif Muna.
  1865 | D:3      | Found a bloodstained altar of Trog.
  1918 | D:3      | Reached XP level 4. HP: 27/27 MP: 4/4
  2110 | D:3      | Noticed a wizard
  2115 | D:3      | Killed a wizard
  2307 | D:3      | Reached skill level 4 in Maces & Flails
  2740 | D:4      | Reached XP level 5. HP: 26/32 MP: 5/5
  2856 | D:4      | Noticed Menkaure
  2864 | D:4      | Killed Menkaure
  2865 | D:4      | Reached XP level 6. HP: 37/37 MP: 6/6
  3212 | D:4      | Reached skill level 5 in Maces & Flails
  3427 | D:4      | Reached XP level 7. HP: 43/43 MP: 7/7
  3623 | D:4      | Found an iron altar of Okawaru.
  3931 | D:5      | Entered Level 5 of the Dungeon
  4281 | D:5      | Reached skill level 6 in Maces & Flails
  4281 | D:5      | Reached skill level 5 in Dodging
  4352 | D:5      | Reached XP level 8. HP: 39/48 MP: 8/8
  4656 | D:5      | Identified the cursed +1 ring mail of Wariness {Dex+2}
  4794 | D:6      | Found a glowing silver altar of Zin.
  4872 | D:6      | Reached skill level 5 in Fighting
  4973 | D:6      | Found a basalt altar of Yredelemnul.
  5141 | D:6      | Reached skill level 7 in Maces & Flails
  5201 | D:6      | Found a hide-covered altar of Uskayaw.
  5293 | D:6      | Found a runed translucent door.
  5308 | D:6      | Noticed kuzco6543's ghost (novice HaHu)
  5348 | D:6      | Found a staircase to the Ecumenical Temple.
  5363 | Temple   | Entered the Ecumenical Temple
  5731 | D:6      | Reached XP level 9. HP: 34/55 MP: 9/9
  6084 | D:6      | Killed kuzco6543's ghost
  6085 | D:6      | Reached skill level 8 in Maces & Flails
  6202 | D:7      | Noticed Joseph
  6222 | D:7      | Killed Joseph
  6339 | D:7      | Noticed Harold
  6366 | D:7      | HP: 1/56 [Harold/+0 short sword (6)]
  6367 | D:7      | Killed Harold
  6368 | D:7      | Reached skill level 9 in Maces & Flails
  6368 | D:7      | Reached XP level 10. HP: 1/63 MP: 10/10
  6491 | D:7      | Found Hijam's General Store.
  6625 | D:7      | Found a snail-covered altar of Cheibriados.
  6890 | D:8      | Learned a level 3 spell: Confusing Touch
  6903 | D:8      | Noticed Erica
  6921 | D:8      | Killed Erica
  7013 | D:8      | Reached skill level 1 in Spellcasting
  7013 | D:8      | Reached skill level 1 in Hexes
  7097 | D:8      | Found an opulent altar of Gozag.
  7425 | D:9      | Noticed Pikel
  7466 | D:9      | Killed Pikel
  7467 | D:9      | Reached skill level 10 in Maces & Flails
  7553 | D:9      | Noticed a two-headed ogre
  7554 | D:9      | Noticed Maurice
  7563 | D:9      | Killed a two-headed ogre
  7801 | D:9      | Reached XP level 11. HP: 64/69 MP: 14/14
  7829 | D:9      | Noticed a cyclops
  7839 | D:9      | HP: 1/103 [cyclops (9)]
  7840 | D:9      | Killed a cyclops
  8067 | D:9      | Found a hazy altar of Hepliaklqana.
  8674 | D:10     | Entered Level 10 of the Dungeon
  9134 | D:9      | Killed Maurice
  9462 | D:10     | Noticed Grum
  9466 | D:10     | Noticed an orc knight
  9616 | D:10     | Killed Grum
  9664 | D:10     | Killed an orc knight
  9769 | D:10     | Found a staircase to the Orcish Mines.
  9853 | D:10     | Noticed a two-headed ogre
  9862 | D:10     | Killed a two-headed ogre
 10563 | D:11     | Reached skill level 11 in Maces & Flails
 10581 | D:11     | Found a frozen archway.
 10608 | D:11     | Slain by an ice devil

Illustrated notes

Levels and vault maps discovered:
D:1:      dpeg_arrival_water_temple_mockup, layout_loops_corners
D:2:      layout_basic, gammafunk_temple_overflow_pools, kennysheep_nub,
          minmay_tall_x
D:3:      layout_basic, trog_wizard
D:4:      layout_loops_ring, kennysheep_okawaru_gauntlet,
          kennysheep_generic_room_12, uniq_menkaure
D:5:      layout_basic, serial_glass, glass_columns_a, glass_columns_b,
          minivault_1
D:6:      layout_basic, lemuel_coloured_pillars_altar, old_standard_altar,
          minmay_temple_entry_mist, ebering_ghost_reflecting_pool, basic_altar
D:7:      layout_rooms, slow_altar_2, serial_shops, shop_fountains, uniq_joseph,
          uniq_harold
D:8:      layout_rooms, nicolae_overflow_hidden_temple, uniq_erica
D:9:      layout_stronghold, nzn_hepliaklqana_mist_gate, minmay_fire_ice_demons,
          uniq_maurice, uniq_pikel
D:10:     layout_roguey, orc_david_3, uniq_grum
D:11:     layout_gridville, david_lair_generic, serial_ice, serial_ice_l,
          serial_ice_b, serial_ice_m, serial_ice_h,
          portal_ice_cave_demonic_guard
Temple:   nicolae_temple_figure_eight

Skill      XL: |  1  2  3  4  5  6  7  8  9 10 11 |
---------------+----------------------------------+-----
Dodging        | 3 4 5 6 7 8 9 |  9.4
Fighting       | 3 4 5 7 8 9 |  9.6
Maces & Flails | 4 5 6 7 9 10 11 | 11.0
Spellcasting   | 2 3 |  3.3
Hexes          | 2 3 |  3.2
Throwing       | |  1.7

Action                   |  1- 3 |  4- 6 |  7- 9 | 10-12 || total
-------------------------+-------+-------+-------+-------++-------
Melee: Flail             |   134 |   107 |   235 |       ||   476
       Morningstar       |       |       |   128 |   533 ||   661
Throw: Throwing net      |       |     1 |     6 |     3 ||    10
Evoke: Wand              |       |     2 |     4 |     2 ||     8
  Use: Scroll            |       |    13 |     3 |    12 ||    28
       Potion            |       |       |     6 |     2 ||     8
 Stab: Sleeping          |     1 |       |       |       ||     1
       Invisible         |       |       |     1 |       ||     1
       Held in net/web   |       |       |     1 |     1 ||     2
Armor: Leather armour    |    51 |    39 |   108 |   184 ||   382
       Troll leather arm |       |       |       |    14 ||    14
Dodge: Dodged            |   107 |    84 |   251 |   439 ||   881
